 Dungeon Crawl Stone Soup version 0.31.0-1-g2c135a008e (webtiles) character file.

Game seed: 4243820332891313167

70 qw the Shooter (level 4, -17/35 HPs)
             Began as a Djinni Hunter on Jan 23, 2024.
             Demolished by an ogre
             ... wielding a +0 giant club
              (22 damage)
             ... on level 2 of the Dungeon.
             The game lasted 00:00:04 (981 turns).

qw the Shooter (Djinni Hunter)                       Turns: 981, Time: 00:00:04

Health: -17/35     AC:  3    Str: 10    XL:     4   Next: 45%
Gold:   43         EV: 12    Int: 11    God:
                   SH:  0    Dex: 18

rFire   + + .        a - +0 shortbow
rCold   x . .        (shield currently unavailable)
rNeg    . . .        c - +0 leather armour
rPois   inf          (no helmet)
rElec   .            (no cloak)
rCorr   .            (no gloves)
SInv    .            (boots unavailable)
Will    .....        (no amulet)
Stlth   ++           (no ring)
HPRegen 0.25/turn    (no ring)
MPRegen 0.00/turn

%: infuse magic (-18 HP)
@: flying
A: sickness immunity, fire resistance 2, cold vulnerability 1, float, innate
caster, HP casting, extra vitality 1
a: no special abilities


You were on level 2 of the Dungeon.
You visited 1 branch of the dungeon, and saw 2 of its levels.

You collected 43 gold pieces.


Innate Abilities, Weirdness & Mutations

You are immune to sickness and miasma.
You are immune to poison.
Your flesh is very heat resistant. (rF++)
You are vulnerable to cold. (rC-)
You float through the air rather than walking.
You learn spells naturally, not from books.
Your magical power is your life essence.
You have superior vitality. (+4 MHP)


   Skills:
 - Level 3.0 Fighting
 - Level 4.0 Ranged Weapons
 + Level 2.7 Dodging
 - Level 0.7 Stealth


You knew the following spells:

 Your Spells              Type           Power      Damage    Failure   Level
a - Necrotise             Necr           0%         1d4       43%         1
Your spell library was empty.

Inventory:

Hand Weapons
 a - a +0 shortbow (weapon)
Armour
 c - a +0 leather armour (worn)
 f - a +0 helmet
Scrolls
 d - a scroll of amnesia {unknown}
Potions
 b - a potion of haste
 e - a potion of mutation {unknown}
 g - a potion of curing {unknown}

Dungeon Overview and Level Annotations

Branches:
Dungeon (2/15)

Altars:
Wu Jian

Annotations:
D:2 Terence


Message History

You shoot an arrow. The arrow barely misses the rat.
You shoot an arrow. The arrow hits the rat.
You kill the rat!
You shoot an arrow. The arrow hits the goblin.
The goblin is moderately wounded.
You shoot an arrow. The arrow barely misses the goblin.
You shoot an arrow. The arrow hits the goblin.
You kill the goblin!
Things that are here:
a +1 vampiric dagger; 4 stones; a kobold corpse
Found a stone staircase leading down.
There is a stone staircase leading down here.
An ogre comes into view. It is wielding a +0 giant club.
You shoot an arrow.
The arrow hits the ogre but does no damage.
The ogre shouts!
You shoot an arrow. The arrow hits the ogre.
The ogre is lightly wounded.
You shoot an arrow. The arrow hits the ogre.
The ogre is moderately wounded.
You shoot an arrow. The arrow hits the ogre!
The ogre is heavily wounded.
You shoot an arrow. The arrow hits the ogre.
The ogre is heavily wounded.
You shoot an arrow. The arrow hits the ogre.
The ogre is severely wounded.
Terence the Incautious comes into view.
He is wielding a +0 morningstar.
The ogre hits you with a +0 giant club!!
Ouch! That really hurt!
You shoot an arrow.
Terence shouts!
The arrow hits the ogre.
The ogre is almost dead.
The ogre hits you with a +0 giant club!
You shoot an arrow. The arrow hits the ogre.
The ogre is almost dead.
An endoplasm comes into view.
The ogre hits you with a +0 giant club!!
Ouch! That really hurt!
You die...

#......#
#......#
########
############
J..@..O@...#
##########.#
#.# #.#
###.# #...#
#.### #.#
#.#


You could see an ogre, Terence and an endoplasm.

Vanquished Creatures
  Jessica (D:2)
  2 dart slugs
  A ribbon worm (D:2)
  6 bats
  4 endoplasms
  6 goblins
  5 quokkas
  2 frilled lizards
  2 kobolds
  7 rats
36 creatures vanquished.

Notes
Turn   | Place    | Note
-------+----------+-------------------------------------------
     0 | D:1      | qw the Djinni Hunter began the quest for the Orb.
     0 | D:1      | Reached XP level 1. HP: 18/18 MP: 0/0
     0 | D:1      | 0 ||| qw: Version: 0.3-a-136-gdd3b4e8
     0 | D:1      | 0 ||| qw: Game counter: 1144
     0 | D:1      | 0 ||| qw: Melee chars always use a shield: true
     0 | D:1      | 0 ||| qw: God list: Okawaru
     0 | D:1      | 0 ||| qw: Allow faded altars: false
     0 | D:1      | 0 ||| qw: Do Orc after clearing Dungeon:15 true
     0 | D:1      | 0 ||| qw: Do second Lair branch before Depths: true
     0 | D:1      | 0 ||| qw: Lair rune preference: random
     0 | D:1      | 0 ||| qw: Goals: Normal
     0 | D:1      | 0 ||| PLANNING D:1-11
     5 | D:1      | 5 ||| DROPPING scroll of butterflies.
    69 | D:1      | Reached XP level 2. HP: 23/23 MP: 0/0
   279 | D:1      | Reached XP level 3. HP: 28/28 MP: 0/0
   279 | D:1      | Learned a level 1 spell: Necrotise
   334 | D:1      | Reached skill level 4 in Ranged Weapons
   545 | D:1      | 545 ||| READING scroll labelled DAEFRE TEULOQ.
   546 | D:1      | 546 ||| READING scroll labelled WUSMOLOIMA.
   546 | D:1      | 546 ||| IDENTIFYING black potion
   547 | D:1      | 547 ||| READING scroll labelled NONYD XOFE.
   592 | D:2      | Noticed Jessica
   600 | D:2      | Killed Jessica
   601 | D:2      | Reached skill level 3 in Fighting
   601 | D:2      | Reached XP level 4. HP: 15/35 MP: 0/0
   896 | D:2      | Found an ornate altar of the Wu Jian Council.
   973 | D:2      | Noticed an ogre
   979 | D:2      | Noticed Terence
   980 | D:2      | HP: 4/35 [ogre/+0 giant club (8)]
   981 | D:2      | Demolished by an ogre

Levels and vault maps discovered:
D:1:      beargit_arrival_greenhouse, layout_loops_cross, serial_bayou_pond_d
D:2:      layout_basic, basic_altar, uniq_jessica, uniq_terence, uniq_robin

Skill      XL: |  1  2  3 |
---------------+----------+-----
Ranged Weapons | 4 |  4.0
Fighting       | 3 |  3.0
Dodging        | |  2.7
Stealth        | |  0.7

Action                     |  1- 3 |  4- 6 || total
---------------------------+-------+-------++-------
   Fire: Shortbow          |    65 |    37 ||   102
    Use: Scroll            |     3 |       ||     3
 Armour: Leather armour    |    14 |     5 ||    19
  Dodge: Dodged            |    19 |     1 ||    20

Table legend:
 A = Non-vault XP
 B = Vault XP
 C = Vault XP percentage of total XP
 D = Non-vault monster count
 E = Vault monster count
 F = Vault count percentage of total count
                 A         B        C        D         E       F
            +---------+---------+-------+---------+---------+-------
      Total |      64 |      37 |  36.6 |      35 |       1 |   2.8
            +---------+---------+-------+---------+---------+-------
        D:1 |      36 |       0 |   0.0 |      21 |       0 |   0.0
        D:2 |      28 |      37 |  56.9 |      14 |       1 |   6.7
            +---------+---------+-------+---------+---------+-------
